 Dungeon Crawl Stone Soup version 0.23-a0-650-ga4d50d4 (webtiles) character file.

1276 Blackhawk the Chopper (level 8, 0/73 HPs)
             Began as a Hill Orc Monk on Jan 5, 2019.
             Was a Believer of Beogh.
             Slain by Prince Ribbit (3 damage)
             ... on level 5 of the Dungeon.
             The game lasted 00:13:43 (6898 turns).

Blackhawk the Chopper (Hill Orc Monk)               Turns: 6898, Time: 00:13:43

Health: 0/73       AC: 18    Str: 16    XL:     8   Next: 54%
Magic:  8/8        EV:  9    Int: 10    God:    Beogh [**....]
Gold:   207        SH:  0    Dex: 13    Spells: 7/7 levels left

rFire    + . .     SeeInvis .   a - +0 hand axe
rCold    x . .     Gourm    .   (no shield)
rNeg     . . .     Faith    .   q - +0 chain mail
rPois    .         Spirit   .   e - +0 helmet
rElec    .         Reflect  .   s - +0 cloak
rCorr    .         Harm     +   g - +2 pair of gloves
MR       .....                  p - +2 pair of boots {Stlth+}
Stlth    ..........             o - amulet of harm
HPRegen  0.22/turn              h - ring of fire
MPRegen  0.11/turn              (no ring)

@: no status effects
A: no striking features
a: Smiting, Renounce Religion


You were on level 5 of the Dungeon.
You worshipped Beogh.
Beogh was pleased with you.
You were not hungry.

You visited 1 branch of the dungeon, and saw 6 of its levels.
You also visited: Ossuary.

You collected 207 gold pieces.

Inventory:

Hand Weapons
 a - a +0 hand axe (weapon)
 H - a +0 spear of flaming
Armour
 b - a +0 robe
 e - a +0 helmet (worn)
 g - a +2 pair of gloves (worn)
 p - a +2 pair of boots of stealth (worn)
 q - a +0 chain mail (worn)
 s - a +0 cloak (worn)
Jewellery
 h - a ring of fire (left hand)
 o - an amulet of harm (around neck)
 D - a +4 ring of dexterity {unknown}
Wands
 J - a wand of clouds (2)
Scrolls
 j - 7 scrolls of identify
 n - 3 scrolls of teleportation
 t - 2 scrolls of amnesia {unknown}
 v - a scroll of immolation
 x - a scroll of brand weapon {unknown}
 y - 2 scrolls of blinking {unknown}
 B - a scroll of fog
 E - 2 scrolls of remove curse
 F - a scroll of enchant armour {unknown}
 I - a scroll of enchant weapon {unknown}
Potions
 d - 9 potions of degeneration {unknown}
 f - a potion of resistance
 i - 2 potions of heal wounds {unknown}
 k - a potion of brilliance {unknown}
 l - 4 potions of lignification {unknown}
 m - 7 potions of curing {unknown}
 r - a potion of ambrosia {unknown}
 u - a potion of invisibility {unknown}
 w - a potion of might {unknown}
 z - 4 potions of flight {unknown}
 A - a potion of mutation {unknown}
 C - 3 potions of cancellation {unknown}
Comestibles
 c - 6 rations


   Skills:
 + Level 7.0 Fighting
 + Level 7.6 Axes
 + Level 5.1 Armour
 + Level 4.8 Dodging
 - Level 2.0 Stealth


You had 7 spell levels left.
You didn't know any spells.
Your spell library contained the following spells:

 Spells                   Type           Power        Failure   Level  Hunger
 Beastly Appendage        Tmut           #.....       99%         1    ##.....
 Sticks to Snakes         Tmut           #.......     100%        2    ###....
 Spider Form              Tmut/Pois      #.........   100%        3    ####...
 Ice Form                 Ice/Tmut       #.......     100%        4    #####..
 Blade Hands              Tmut           #.........   100%        5    ######.


Dungeon Overview and Level Annotations

Branches:
Dungeon (6/15)
 Temple: D:4-7

Altars:
Elyvilon
Makhleb
Okawaru
Ru
Uskayaw
Zin
The Shining One

Shops:
D:4 *

Annotations:
D:5 Prince Ribbit


Message History

Prince Ribbit hits you.
* * * LOW HITPOINT WARNING * * *
You hit Prince Ribbit.
Prince Ribbit is heavily wounded.
Prince Ribbit barely misses you.
You closely miss Prince Ribbit.
Prince Ribbit is heavily wounded.
Prince Ribbit hits you but does no damage.
You barely miss Prince Ribbit.
Prince Ribbit is heavily wounded.
Prince Ribbit hits you but does no damage.
You slash Prince Ribbit!
Prince Ribbit is severely wounded.
Prince Ribbit mumbles some strange words.
Prince Ribbit looks slightly unstable.
Prince Ribbit hits you!
* * * LOW HITPOINT WARNING * * *
You barely miss Prince Ribbit.
Prince Ribbit is severely wounded.
Prince Ribbit hits you.
You die...

.###......#..#...#...#...#...####
...'...[..#.....................#
...#......####################..#
.###........)...............#.###
.##########'###......#####'##.#
.#.....'......#..)...'..#.....#
.#.....#.....<#......#..#.....#
'####..########).....##.#######
.####..## #[>@F##########..###
........# #.)[.#.......#.....#
........# #....#.......'.....#
........# #....#.......#.....#
........# #....#.......#.....#
#####.### ##....#..########'###
.#.##.# #.....#..####.##....#
.#....# #.....'........#....#
.#....# #.....#........#....#


You could see Prince Ribbit.

Vanquished Creatures
  Sigmund (D:4)
  An orc warrior (D:5)
  An ice beast (D:5)
  A centaur (D:5)
  2 scorpions
  A gnoll shaman (D:5)
  A human zombie (Ossuary)
  3 orc priests (D:5)
  A centaur skeleton (D:5)
  4 orc wizards
  Natasha (thrice) (D:4)
  3 worker ants
  A big kobold zombie (Ossuary)
  4 mummies (Ossuary)
  A howler monkey skeleton (D:4)
  7 gnolls (D:5)
  8 adders
  2 adder skeletons (D:5)
  3 worms
  A dart slug (D:1)
  5 leopard geckos
  19 orcs
  2 ball pythons
  A giant cockroach (D:4)
  A gnoll zombie (Ossuary)
  7 hobgoblins
  11 jackals
  2 quokkas
  7 bats
  5 frilled lizards
  A giant cockroach zombie (D:5)
  11 goblins
  2 goblin zombies
  2 jackal skeletons (D:4)
  5 kobolds
  2 kobold zombies (Ossuary)
  A leopard gecko skeleton (D:4)
  2 orc zombies (Ossuary)
  A quokka zombie (D:4)
  5 rats
141 creatures vanquished.

Vanquished Creatures (others)
  A bullfrog zombie (D:5)
  3 orcs (D:5)
4 creatures vanquished.

Grand Total: 145 creatures vanquished

Notes
Turn   | Place    | Note
-------+----------+-------------------------------------------
     0 | D:1      | Blackhawk the Hill Orc Monk began the quest for the Orb.
     0 | D:1      | Reached XP level 1. HP: 19/19 MP: 1/1
   255 | D:1      | Reached XP level 2. HP: 24/27 MP: 2/2
   904 | D:2      | Reached XP level 3. HP: 18/33 MP: 3/3
  1159 | D:2      | Reached skill level 1 in Armour
  1228 | D:2      | Found a glowing golden altar of the Shining One.
  1523 | D:2      | Found a hide-covered altar of Uskayaw.
  1929 | D:2      | Reached XP level 4. HP: 40/40 MP: 4/4
  2488 | D:3      | Found a burning altar of Makhleb.
  2488 | D:3      | Found a glowing silver altar of Zin.
  2489 | D:3      | Noticed an angel
  2489 | D:3      | Noticed a balrug
  2585 | D:3      | Reached skill level 5 in Axes
  2585 | D:3      | Reached XP level 5. HP: 35/47 MP: 5/5
  2920 | D:4      | Noticed Sigmund
  3139 | D:4      | Found a sand-covered staircase.
  3158 | Ossuary  | Entered an ossuary
  3233 | Ossuary  | Reached skill level 5 in Fighting
  3233 | Ossuary  | Reached XP level 6. HP: 40/56 MP: 6/6
  4066 | D:4      | Found Huakupt's General Store.
  4105 | D:4      | Reached XP level 7. HP: 61/61 MP: 7/7
  4121 | D:4      | Killed Sigmund
  4218 | D:4      | Found a white marble altar of Elyvilon.
  4224 | D:4      | Noticed Natasha
  4234 | D:4      | Killed Natasha
  4576 | D:4      | Noticed Natasha
  4600 | D:4      | Killed Natasha
  4778 | D:4      | Noticed Natasha
  4787 | D:4      | Killed Natasha
  4885 | D:4      | Found an iron altar of Okawaru.
  4998 | D:5      | Entered Level 5 of the Dungeon
  5752 | D:5      | Became a worshipper of Beogh the Brigand
  5752 | D:5      | Reached * piety under Beogh
  5752 | D:5      | Reached ** piety under Beogh
  5773 | D:5      | Reached XP level 8. HP: 34/71 MP: 8/8
  6829 | D:5      | Found a sacrificial altar of Ru.
  6859 | D:6      | Noticed Prince Ribbit
  6889 | D:5      | Reached skill level 5 in Armour
  6897 | D:5      | HP: 3/73 [Prince Ribbit (8)]
  6898 | D:5      | Slain by Prince Ribbit

Vault maps used:
D:1:      dpeg_arrival_rooms_b, nrook_campfire, roderic_roman_lattice
D:2:      overflow_temple_1_default, lemuel_doored_altar
D:3:      grunt_temple_overflow_order_and_chaos_2
D:4:      kennysheep_mini_moat, elyvilon_altar_1, serial_shops, shop,
          enter_ossuary_4, uniq_sigmund, uniq_natasha
D:5:      lemuel_coloured_pillars_altar, first_ration, minivault_26,
          minmay_misc_feat_five
D:6:      nemelex_xobeh_ov_fountains_minmay, minmay_temple_entry_glassed_door,
          serial_undead, serial_undead_d, serial_undead_b, serial_undead_b,
          serial_undead_d, serial_undead_d, serial_undead_c, serial_undead_a,
          basic_altar, uniq_prince_ribbit1
Ossuary:  ossuary_crypta

Skill      XL: |  1  2  3  4  5  6  7  8 |
---------------+-------------------------+-----
Fighting       | 4 5 6 7 |  7.0
Stealth        | 2 |  2.0
Armour         | 1 2 3 4 5 |  5.1
Dodging        | 3 4 |  4.8
Axes           | 5 6 7 |  7.6

Action                   |  1- 3 |  4- 6 |  7- 9 || total
-------------------------+-------+-------+-------++-------
Melee: Hand axe          |   121 |   353 |   296 ||   770
Invok: Convert to Beogh  |       |       |     1 ||     1
  Use: Scroll            |       |     7 |       ||     7
 Stab: Sleeping          |     1 |     4 |       ||     5
  Eat: Chunk             |     3 |     8 |     9 ||    20
Armor: Robe              |    40 |    18 |       ||    58
       Chain mail        |       |   158 |   196 ||   354
Dodge: Dodged            |    86 |   122 |   123 ||   331

Table legend:
 A = Non-vault XP
 B = Vault XP
 C = Vault XP percentage of total XP
 D = Non-vault monster count
 E = Vault monster count
 F = Vault count percentage of total count
                 A         B        C        D         E       F
            +---------+---------+-------+---------+---------+-------
      Total |    1415 |     408 |  22.4 |     125 |      16 |  11.3
            +---------+---------+-------+---------+---------+-------
        D:1 |      23 |       0 |   0.0 |      15 |       0 |   0.0
        D:2 |      77 |       0 |   0.0 |      26 |       0 |   0.0
        D:3 |     125 |       0 |   0.0 |      23 |       0 |   0.0
        D:4 |     338 |     261 |  43.6 |      33 |       4 |  10.8
        D:5 |     852 |       0 |   0.0 |      28 |       0 |   0.0
    Ossuary |       0 |     147 | 100.0 |       0 |      12 | 100.0
            +---------+---------+-------+---------+---------+-------
